 Dungeon Crawl Stone Soup version 0.30-a0-354-g6b83867211 (webtiles) character file.

Game seed: 13782347236489325868

340 derrydude the Trooper (level 6, 51/51 HPs)
             Began as a Demonspawn Cinder Acolyte on Nov 7, 2022.
             Was a High Priest of Ignis.
             Quit the game on level 2 of the Dungeon.
             The game lasted 00:08:55 (1516 turns).

derrydude the Trooper (Demonspawn Cinder Acolyte)   Turns: 1516, Time: 00:08:56

Health: 51/51      AC:  8    Str: 15    XL:     6   Next: 30%
Magic:  9/9        EV: 26    Int: 17    God:    Ignis [*****.]
Gold:   106        SH:  0    Dex:  8    Spells: 4/9 levels left

rFire   + . .      SeeInvis .    k - +4 quarterstaff (chaos)
rCold   . . .      Faith    .    (shield currently unavailable)
rNeg    . . .      Spirit   .    o - +0 leather armour
rPois   .          Reflect  .    (no helmet)
rElec   .          Harm     .    m - +0 cloak
rCorr   .          Rampage  .    (no gloves)
Will    .....                    (no boots)
Stlth   +.........               h - amulet of the acrobat
HPRegen 0.28/turn                g - ring of wizardry
MPRegen 0.22/turn                n - +4 ring of protection

@: acrobatic
A: spiny 1, magic regeneration, sturdy frame 2
a: Renounce Religion, Fiery Armour, Foxfire Swarm, Rising Flame


You were on level 2 of the Dungeon.
You worshipped Ignis.
Ignis was extremely pleased with you.
You visited 1 branch of the dungeon, and saw 3 of its levels.

You collected 106 gold pieces.

Inventory:

Hand Weapons
 a - a -1 hand axe of flaming
 b - a +3 mace of protection
 e - a +1 dagger of flaming
 k - a +4 quarterstaff of chaos (weapon)
Missiles
 f - 12 stones (quivered)
 p - 5 silver javelins
Armour
 m - a +0 cloak (worn)
 o - a +0 leather armour (worn)
Magical Staves
 l - a staff of earth
Jewellery
 g - a ring of wizardry (left hand)
 h - an amulet of the acrobat (around neck)
 i - a ring of protection from fire
 n - a +4 ring of protection (right hand)
Potions
 c - 2 potions of mutation
 d - a potion of heal wounds
 j - a potion of berserk rage {unknown}


   Skills:
 * Level 5.6 Fighting
 - Level 2.6 Axes
 - Level 2.0 Spellcasting
 * Level 1.7 Hexes
 - Level 4.0 Fire Magic


You had 4 spell levels left.
You knew the following spells:

 Your Spells              Type           Power      Damage    Failure   Level
a - Scorch                Fire           30%        2d7       2%          2
b - Confusing Touch       Hex            7%         N/A       12%         3

Your spell library contained the following spells:

 Spells                   Type           Power      Damage    Failure   Level
 Slow                     Hex            28%        N/A       4%          1
 Tukima's Dance           Hex            7%         N/A       12%         3
 Vampiric Draining        Necr           1%         2d6       22%         3
 Flame Wave               Conj/Fire      8%         2d5       32%         4
 Passage of Golubria      Tloc           1%         N/A       56%         4
 Yara's Violent Unravell  Hex/Tmut       2%         3d3       80%         5
 Summon Forest            Summ/Tloc      0%         N/A       88%         5
 Eringya's Noxious Bog    Tmut/Pois      0%         N/A       100%        6
 Summon Cactus Giant      Summ           0%         N/A       100%        6
 Summon Hydra             Summ           0%         N/A       100%        7


Dungeon Overview and Level Annotations

Branches:
Dungeon (3/15)

Altars:
Cheibriados


Innate Abilities, Weirdness & Mutations

You are partially covered in sharp spines.
You regenerate magic rapidly.
Your movements are less encumbered by armour. (ER -4)


Message History

Flames lash Crazy Yiuf.
Crazy Yiuf is lightly wounded.
Crazy Yiuf hits you with a +4 quarterstaff of chaos!
You feel agile all of a sudden.
Unknown command.
Casting: Scorch (safe; 2% risk of failure)
Confirm with . or Enter, or press ? or * to list all spells.
Flames lash Crazy Yiuf.
Crazy Yiuf is burned terribly!
You kill Crazy Yiuf!
There is an open translucent door here.
Things that are here:
a +4 quarterstaff of chaos; a +0 cloak; the gnoll corpse of Crazy Yiuf
k - a +4 quarterstaff of chaos;
m - a +0 cloak You start putting on your armour.
You continue putting on your +0 cloak. x4
You finish putting on your +0 cloak.
Your +3 mace of protection goes still.
Your +4 quarterstaff of chaos is briefly surrounded by a scintillating aura of random colours.
k - a +4 quarterstaff of chaos (weapon)
You feel a little less agile now.
HP restored.
There is an open translucent door here.
You see here the gnoll corpse of Crazy Yiuf.
Found a snail-covered altar of Cheibriados.
n - a +4 ring of protection
There are no items here.
You're wearing all the rings you can.
Remove which one? (? for menu, Esc to cancel) < or
g - a ring of wizardry; > or
i - a ring of protection from fire You remove your ring of protection from fire.
n - a +4 ring of protection (right hand)
Found an escape hatch in the floor.
You see here 5 silver javelins.
p - 5 silver javelins You see here a +0 club.
Done exploring.
Save game and exit?
Welcome back, derrydude the Demonspawn Cinder Acolyte.
The flames of Ignis gently warm you.
Press ? for a list of commands and other information.
Are you sure you want to abandon this character and quit the game? (Confirm with "yes".)

#####.....#..........
#...........#..#.....
#....................
#...............###..
#..............###...
#....................
#.........####.......
#.........#.......##.
#...@................
#....######..........
#....# #.....#..#.
#....# #....##..#.
###### ###....###.##
#......#...##
#........#.##
#.......##.##
#......###.##


There were no monsters in sight!

Vanquished Creatures
  Sigmund (D:2)
  Crazy Yiuf (D:2)
  Natasha (thrice) (D:2)
  3 adders
  A worm (D:2)
  A dart slug (D:1)
  6 bats
  6 endoplasms (D:1)
  2 giant cockroaches
  8 goblins
  2 hobgoblins
  2 jackals (D:1)
  2 quokkas (D:1)
  6 ball pythons
  3 frilled lizards (D:2)
  3 kobolds (D:1)
  8 rats
58 creatures vanquished.

Notes
Turn   | Place    | Note
-------+----------+-------------------------------------------
     0 | D:1      | derrydude the Demonspawn Cinder Acolyte began the quest for
                  | the Orb.
     0 | D:1      | Reached XP level 1. HP: 18/18 MP: 2/2
    96 | D:1      | Gained mutation: Your movements are slightly less
                  | encumbered by armour. (ER -2) [demonic ancestry]
    96 | D:1      | Reached XP level 2. HP: 21/24 MP: 3/3
   103 | D:1      | Learned a level 2 spell: Scorch
   407 | D:1      | Reached XP level 3. HP: 17/29 MP: 2/5
   683 | D:2      | Noticed Natasha
   686 | D:2      | Killed Natasha
   687 | D:2      | Reached skill level 4 in Fighting
   691 | D:2      | Gained mutation: You regenerate magic rapidly. [demonic
                  | ancestry]
   691 | D:2      | Reached XP level 4. HP: 35/37 MP: 1/6
   723 | D:2      | Noticed Natasha
   728 | D:2      | Killed Natasha
   775 | D:2      | Noticed Natasha
   804 | D:2      | Killed Natasha
   962 | D:2      | Learned a level 3 spell: Confusing Touch
  1103 | D:2      | Gained mutation: Your movements are less encumbered by
                  | armour. (ER -4) [demonic ancestry]
  1103 | D:2      | Reached XP level 5. HP: 43/43 MP: 7/7
  1106 | D:2      | Noticed Sigmund
  1256 | D:2      | Killed Sigmund
  1257 | D:2      | Reached skill level 5 in Fighting
  1257 | D:2      | Reached skill level 1 in Hexes
  1257 | D:2      | Gained mutation: You are partially covered in sharp spines.
                  | [demonic ancestry]
  1257 | D:2      | Reached XP level 6. HP: 51/51 MP: 2/9
  1345 | D:2      | Found a runed translucent door.
  1346 | D:2      | Noticed Crazy Yiuf
  1352 | D:2      | Killed Crazy Yiuf
  1445 | D:2      | Found a snail-covered altar of Cheibriados.
  1516 | D:2      | Quit the game

Illustrated notes

Levels and vault maps discovered:
D:1:      mrwooster_arrival_arrow, layout_rooms, chequers_arboretum,
          minmay_pentomino_u4
D:2:      layout_rooms, basic_altar, uniq_natasha, uniq_crazy_yiuf_cottage,
          uniq_sigmund
D:3:      layout_rooms, hellmonk_ecumenical_altar_lost_god

Skill      XL: |  1  2  3  4  5 |
---------------+----------------+-----
Fire Magic     | 3 4 |  4.0
Fighting       | 4 5 |  5.6
Spellcasting   | 2 |  2.0
Hexes          | 1 |  1.7
Axes           | |  2.6

Action                   |  1- 3 |  4- 6 || total
-------------------------+-------+-------++-------
Melee: Hand axe          |    92 |    15 ||   107
       Punch             |     1 |     1 ||     2
       Mace              |       |    41 ||    41
 Cast: Scorch            |     6 |    18 ||    24
  Use: Scroll            |       |     7 ||     7
Armor: Robe              |    21 |       ||    21
       Leather armour    |       |    20 ||    20
Dodge: Dodged            |    56 |    46 ||   102

Table legend: (Time is in decaauts)
 A = Elapsed time spent in this place.
 B = Non-inter-level travel time spent in this place.
 C = Inter-level travel time spent in this place.
 D = Time resting spent in this place.
 E = Time spent auto-exploring this place.
 F = Levels seen in this place.
 G = Mean time per level.
                   A        B        C        D        E       F      G
               +--------+--------+--------+--------+--------+-----+--------+
         Total |   1543 |   1531 |     12 |    331 |    642 |   3 |  514.3 |
       Dungeon |   1543 |   1531 |     12 |    331 |    642 |   3 |  514.3 |
               +--------+--------+--------+--------+--------+-----+--------+

Top non-repeatable levels by time:
     D:2: 790 daAuts
     D:1: 656 daAuts
     D:3: 96 daAuts
